cohdb
Replays
Latest Replays
All Replays
Popular Replays
Top Player Replays
Match Explorer
How It Works
Community
CoH3 Stats
Reddit
Sign in to upload your games and track your stats! →
Sign in with Steam
The guy was crying like a baby to his mother. Sad!
Match 16529592
Overview
Messages
Build Orders
End
Selects Italian Coastal Battlegroup
Selects Coastal Reserves
Coastal Reserve
Construct Infanterie Kompanie
MG 42 Machine Gun Team
MG 42 Machine Gun Team
MG 42 Machine Gun Team
MG 42 Machine Gun Team
Construct Panzergrenadier Kompanie
Pak 40 Anti-tank Gun Team
Medical Bunker
Pak 40 Anti-tank Gun Team
Selects Artillery Officer
Artillery Officer
MG 42 Machine Gun Team
Construct Panzer Kompanie
Panzer IV Medium Tank
Selects Designate Defensive Line
Selects Designated Artillery Overwatch
Selects Bulwark
Panzer IV Medium Tank
Panzer Officer Quarters
Side Skirts
MG 42 Bunker
MG 42 Bunker
Panzer IV Medium Tank
Leo invictum
Samson (MykillJackson)
0
0
Comments
sign in to comment!
No comments posted yet!